 Dungeon Crawl Stone Soup version 0.25-a0-857-g60a0bcd8b5 (webtiles) character file.

Game seed: 6872845539961659797, levelgen mode: deterministic

40 Error4North the Skirmisher (level 3, -3/33 HPs)
             Began as a Hill Orc Fighter on Apr 26, 2020.
             Slain by a hobgoblin
             ... wielding a +0 hand axe
              (7 damage)
             ... on level 2 of the Dungeon.
             The game lasted 00:02:37 (728 turns).

Error4North the Skirmisher (Hill Orc Fighter)        Turns: 728, Time: 00:02:37

Health: -3/33      AC: 10    Str: 19    XL:     3   Next: 50%
Magic:  3/3        EV:  5    Int:  8    God:
Gold:   96         SH:  9    Dex: 10    Spells: 2/2 levels left

rFire    . . .     SeeInvis .   a - +0 war axe
rCold    . . .     Gourm    .   c - +0 kite shield
rNeg     . . .     Faith    .   m - +0 chain mail
rPois    .         Spirit   .   (no helmet)
rElec    .         Reflect  .   (no cloak)
rCorr    .         Harm     .   e - +0 pair of gloves
MR       .....     Rnd*Tele +   (no boots)
Stlth    ..........             (no amulet)
HPRegen  0.11/turn              g - ring of teleportation (curse)
MPRegen  0.08/turn              (no ring)

@: no status effects
A: no striking features
a: no special abilities


You were on level 2 of the Dungeon.
You were not hungry.

You visited 1 branch of the dungeon, and saw 2 of its levels.

You collected 96 gold pieces.

Inventory:

Hand Weapons
 a - a +0 war axe (weapon)
Armour
 c - a +0 kite shield (worn)
 e - a +0 pair of gloves (worn)
 m - a +0 chain mail (worn)
Jewellery
 g - a cursed ring of teleportation (left hand)
Scrolls
 h - a scroll of remove curse {unknown}
 k - a scroll of enchant armour {unknown}
 l - a scroll of blinking {unknown}
Potions
 d - a potion of might
 j - a potion of flight {unknown}
Comestibles
 f - 3 rations
 i - 2 chunks of flesh


   Skills:
 * Level 4.2 Fighting
 + Level 3.5 Axes
 * Level 3.6 Armour
 * Level 3.7 Shields


You had 2 spell levels left.
You didn't know any spells.
Your spell library was empty.

Dungeon Overview and Level Annotations

Branches:
Dungeon (2/15)

Altars:


Message History

You block the hobgoblin's attack.
You closely miss the hobgoblin.
The hobgoblin hits you with a +0 hand axe.
* * * LOW HITPOINT WARNING * * *
Your shield and chain mail prevent you from hitting the hobgoblin.
The hobgoblin hits you but does no damage.
You hit the hobgoblin.
The hobgoblin is moderately wounded.
You block the hobgoblin's attack.
The hobgoblin hits you but does no damage.
You closely miss the hobgoblin.
The hobgoblin is moderately wounded.
The hobgoblin barely misses you.
Your shield and chain mail prevent you from hitting the hobgoblin.
The hobgoblin is moderately wounded.
You block the hobgoblin's attack.
You closely miss the hobgoblin.
The hobgoblin is moderately wounded.
The hobgoblin hits you with a +0 hand axe!
You die...

#. .#.#.........
# .#.#.........
.#...........
.#..#..######
#..#..##########
#..#.>..........
#..##.......#
#..##.......#
#....g@.....#
##.##.......#
.....#####+##
###.#. # #. #.
#.


You could see a hobgoblin.

Vanquished Creatures
  2 worms (D:2)
  A dart slug (D:1)
  8 goblins
  4 hobgoblins
  A kobold (D:1)
  A quokka (D:2)
  7 bats
  A frilled lizard (D:1)
  4 rats (D:1)
29 creatures vanquished.

Notes
Turn   | Place    | Note
-------+----------+-------------------------------------------
     0 | D:1      | Error4North the Hill Orc Fighter began the quest for the
                  | Orb.
     0 | D:1      | Reached XP level 1. HP: 19/19 MP: 1/1
    76 | D:1      | Reached XP level 2. HP: 27/27 MP: 2/2
   286 | D:1      | Reached skill level 4 in Fighting
   401 | D:1      | Reached XP level 3. HP: 33/33 MP: 3/3
   728 | D:2      | Slain by a hobgoblin

Levels and vault maps discovered:
D:1:      lightli_arrival_chessboard, layout_basic
D:2:      layout_basic, first_ration

Skill      XL: |  1  2 |
---------------+-------+-----
Axes           | 3 |  3.5
Fighting       | 4 |  4.2
Armour         | |  3.6
Shields        | |  3.7

Action                   || total
-------------------------++-------
Melee: War axe           ||    91
Armor: Scale mail        ||    37
       Chain mail        ||     4
Dodge: Dodged            ||    19
Block: Kite shield       ||    38

Table legend:
 A = Non-vault XP
 B = Vault XP
 C = Vault XP percentage of total XP
 D = Non-vault monster count
 E = Vault monster count
 F = Vault count percentage of total count
                 A         B        C        D         E       F
            +---------+---------+-------+---------+---------+-------
      Total |      58 |       0 |   0.0 |      29 |       0 |   0.0
            +---------+---------+-------+---------+---------+-------
        D:1 |      38 |       0 |   0.0 |      22 |       0 |   0.0
        D:2 |      20 |       0 |   0.0 |       7 |       0 |   0.0
            +---------+---------+-------+---------+---------+-------
